 Dungeon Crawl Stone Soup version 0.17.1-3-g152610e (webtiles) character file.

211713 Alipheese the Impaler (level 19, 0/175 HPs)
             Began as a Naga Fighter on Apr 23, 2016.
             Was a Priest of Cheibriados.
             Slain by a salamander
             ... wielding a +0 spear
              (7 damage)
             ... on level 2 of the Snake Pit.
             The game lasted 01:26:26 (38231 turns).

Alipheese the Impaler (Naga Fighter)               Turns: 38231, Time: 01:26:26

Health: 0/175      AC: 29    Str: 38    XL:     19   Next: 30%
Magic:  18/32      EV:  4    Int: 22    God:    Cheibriados [***...]
Gold:   830        SH:  0    Dex: 21    Spells: 6 memorised, 20 levels left

rFire  + . .     SeeInvis +     J - +0 glaive (freeze)
rCold  + . .     Clarity  +     u - +2 plate armour {rN+} {rN+}
rNeg   + + .     SustAt   .     (shield currently unavailable)
rPois  +         Gourm    .     U - -2 hat of the Alchemist {rElec rPois rF+ rC+ rN+ MR+ rMut rCorr}
rElec  +         Spirit   .     n - +0 cloak
rCorr  +         Warding  .     j - +2 pair of gloves {Str+3} {Str+3}
rMut   +         Stasis   .     s - +1 naga barding {Fly}
MR     +++..                    o - amulet of faith {Faith}
Stlth  ..........               Z - ring "Vituhiogg" {rElec rPois Dex+2 Slay+3}
                                h - +6 ring of strength

@: flying, regenerating, repel missiles, very slow, extremely resistant to
hostile enchantments, extremely unstealthy
A: fangs 1, horns 1, yellow scales 1, see invisible, clarity, deformed body,
deterioration 1, poison resistance, slowness 2, slow metabolism 1, spit poison
2, subdued magic 1, constrict 1, AC +6
a: Spit Poison, Bend Time, Temporal Distortion, Renounce Religion, Stop Flying


You were on level 2 of the Snake Pit.
You worshipped Cheibriados.
Cheibriados was most pleased with you.
You were full.

You visited 6 branches of the dungeon, and saw 30 of its levels.
You also visited: Bailey and Ice Cave.

You collected 3229 gold pieces.
You spent 2399 gold pieces at shops.


Innate Abilities, Weirdness & Mutations

You cannot wear boots.
Your serpentine skin is tough (AC +6).
You have supernaturally acute eyesight.
Armour fits poorly on your strangely shaped body.
Your system is resistant to poisons.
You cover ground very slowly.
You have a slow metabolism.
You can spit poison.
You can use your snake-like lower body to constrict enemies.
You have very sharp teeth.
You have a pair of small horns on your head.
You are partially covered in yellow scales (AC +2).
You possess an exceptional clarity of mind.
Your body sometimes deteriorates upon taking damage.
Your spells are a little easier to cast, but a little less powerful.

Inventory:

Hand Weapons
 w - a +2 glaive of distortion
 J - a +0 glaive of freezing (weapon)
Armour
 j - a +2 pair of gloves of strength (worn) {Str+3}
 n - a +0 cloak (worn)
 s - a +1 naga barding of flying (worn)
 u - a +2 plate armour of positive energy (worn) {rN+}
 U - the -2 hat of the Alchemist (worn) {rElec rPois rF+ rC+ rN+ MR+ rMut rCorr}
   (You bought it in a shop on level 8 of the Dungeon)

   It protects you from fire.
   It protects you from cold.
   It insulates you from electricity.
   It protects you from poison.
   It protects you from negative energy.
   It affects your resistance to hostile enchantments.
   It protects you from acid and corrosion.
   It protects you from mutation.
 W - the +3 shield of Nept {rN+++ Dex+5 Slay+2}
   (You found it on level 5 of the Lair of Beasts)

   It affects your dexterity (+5).
   It affects your accuracy and damage with ranged weapons and melee attacks
   (+2).
   It renders you almost immune to negative energy.
Jewellery
 b - an uncursed ring of sustain attributes {unknown}
 h - a +6 ring of strength (left hand)
 o - an amulet of faith (around neck) {Faith}
 Z - the ring "Vituhiogg" (right hand) {rElec rPois Dex+2 Slay+3}
   (You took it off a deep elf death mage on level 3 of the Elven Halls)

   [ring of dexterity]

   It affects your dexterity (+2).
   It affects your accuracy and damage with ranged weapons and melee attacks
   (+3).
   It insulates you from electricity.
   It protects you from poison.
Wands
 c - a wand of disintegration (2)
 y - a wand of hasting (4)
 N - a wand of fireball (1)
Scrolls
 d - 2 scrolls of identify
 g - 18 scrolls of remove curse
 q - 3 scrolls of immolation
 B - 5 scrolls of amnesia
 C - 3 scrolls of brand weapon
 D - 6 scrolls of enchant armour
 E - 12 scrolls of teleportation
 H - 6 scrolls of recharging
 L - 2 scrolls of fear
 P - 2 scrolls of summoning
 T - 2 scrolls of enchant weapon
Potions
 a - 2 potions of lignification
 e - a potion of cure mutation {!q}
 k - 4 potions of might {Str+5 DMG+1d10}
 l - 3 potions of flight
 m - 5 potions of agility {Stlth+ Dex+5 EV+5}
 p - 2 potions of brilliance {Archmagi Int+5 Wiz++}
 t - 4 potions of haste
 z - a potion of curing
 A - 2 potions of cancellation
 M - a potion of magic {unknown}
 Q - a potion of ambrosia
 S - 2 potions of berserk rage {unknown}
 X - 3 potions of resistance {rF+ rC+ rPois rElec rCorr}
 Y - a potion of invisibility
Miscellaneous
 v - a disc of storms
 G - a lamp of fire
 K - a phial of floods
 V - a legendary deck of summoning {drawn: 7}
Comestibles
 f - 16 meat rations
 i - 2 beef jerkies
 r - 12 bread rations
 x - 4 slices of pizza
 I - 11 royal jellies
 O - 6 fruits


You had 20 spell levels left.
You knew the following spells:

 Your Spells              Type           Power        Failure   Level  Hunger
a - Blink                 Tloc           N/A          1%          2    None
b - Repel Missiles        Chrm/Air       ###...       4%          2    None
c - Phase Shift           Tloc           #####.....   7%          5    #####..
d - Regeneration          Chrm/Necr      ####......   1%          3    None
e - Spectral Weapon       Hex/Chrm       ####....     2%          3    None
z - Apportation           Tloc           #####.....   1%          1    None


   Skills:
 - Level 12.3 Fighting
 * Level 19.9 Polearms
 - Level 10.2 Armour
 - Level 2.4 Shields
 - Level 9.0 Spellcasting
 * Level 5.6 Hexes
 * Level 9.8 Charms
 * Level 8.9 Necromancy
 - Level 10.4 Translocations
 - Level 11.0 Invocations

Dungeon Overview and Level Annotations

Branches:
Dungeon (12/15)            Temple (1/1) D:6            Lair (8/8) D:11
 Shoals (0/4) Lair:4        Snake (2/4) Lair:4        Slime (0/6) Lair:8
    Orc (4/4) D:10            Elf (3/3) Orc:3

Altars:
Ashenzari
Cheibriados
Dithmenos
Elyvilon
Fedhas
Gozag
Kikubaaqudgha
Makhleb
Nemelex Xobeh
Okawaru
Qazlal
Ru
Sif Muna
Trog
Vehumet
Xom
Yredelemnul
Zin
The Shining One

Shops:
D:4 [   D:6 *=!   D:8 !(**[   D:12 [   Orc:4 :[[*%   Elf:1 (

Annotations:
D:8 FEEELS SO GOOOD
Temple
Lair:6 OH COMEON, 1 exclusion
Snake:2 HAHAHAHAH, I REPAID YOU BITCH
Orc:2 exclusion: downstairs
Elf:3 Bitch

Vault maps used:
D:1:      lemuel_arrival_river_ford, nrook_mini_backslash
D:2:      serial_forest, infiniplex_forest_straight_4,
          infiniplex_forest_clump_small, infiniplex_forest_end_2,
          infiniplex_forest_lined_ring, infiniplex_forest_clump_long,
          infiniplex_forest_lined_room_, infiniplex_forest_clump_double,
          infiniplex_forest_clump_double, minmay_misc_feat_five,
          minmay_goblin_kobold_house
D:3:      first_bread
D:4:      ashenzari_altar_1, serial_shops, kennysheep_mini_moat
D:5:      old_standard_altar, nicolae_qazlal_eye_of_the_storm
D:6:      vehumet_altar_wand_db, nicolae_overflow_quartered_altars,
          minmay_temple_entry_butterflies, serial_shops, shop, shop,
          kennysheep_little_box, moated_statue
D:7:      grunt_livestock
D:8:      serial_shops, shop, shop, nicolae_shop_trees, shop, shop_statue,
          uniq_erolcha, uniq_prince_ribbit1
D:9:      grunt_dithmenos_smoke
D:10:     lemuel_ice_spiral_2
D:11:     grunt_lair_entry_elf_guard_hut, uniq_maurice, uniq_josephine,
          uniq_gastronok, uniq_urug
D:12:     wad_woods_structure_01, serial_shops, kennysheep_mini,
          nicolae_shop_statue_plus, shop, uniq_fannar, uniq_nessos
Temple:   oiseaux_autumnal_temple_12
Lair:1:   minmay_lair_oklob_bushes, uniq_harold
Lair:2:   special_room
Lair:3:   serial_bayou_pond_e, serial_bayou_lake_a
Lair:4:   minmay_shoals_entry_centaurs, guppyfry_snake_entry_garden,
          portal_ice_cave_entry_pillars_01, uniq_sonja
Lair:5:   beast_lair_carwin_11
Lair:6:   pond_and_an_island_with_a_cottage, st_stairs_4, beast_lair_carwin_6,
          serial_bayou_shore_b
Lair:7:   eino_small_chamber_without_monster, beast_lair_carwin_9,
          lemuel_fruit_tree
Lair:8:   guppyfry_lair_end_dragon, dpeg_slime_entry_corner, minivault_26,
          minmay_hedge_maze, minivault_19, infiniplex_staircase_pool_2,
          serial_bayou_shore_a, uniq_kirke
Snake:1:  serial_bayou_ford_a, uniq_louise
Snake:2:  st_stairs_13, nicolae_snake_springs, uniq_vashnia
Orc:1:    serial_shops, shop
Orc:2:    enter_bailey_3
Orc:3:    nicolae_orc_pool_cavern, trog_hazing_becter
Orc:4:    st_orc_mages, serial_shops, nicolae_shop_crystal,
          nicolae_orc_lava_room
Elf:1:    eino_elf_arrival_the_gate, serial_shops, shop_statue,
          hangedman_elf_disciples, grunt_megastairs_3
Elf:3:    grunt_elf_hall_branching, basic_stair_grate_trap, uniq_donald
Bailey:   bailey_axe_3, bailey
IceCv:    ice_cave_caverns_02
You       could see a salamander mystic and a salamander.


Message History

You lost 1 HP.
You have now: 16/175 HP.
You feel sick.
You reach down and close the gate.
You start resting.
You feel sick.
A salamander comes into view. It is wielding a spear.
Read which item? (? for menu, Esc to quit)
Okay, then.
Casting: Phase Shift
Confirm with . or Enter, or press ? or * to list all spells.
You draw out your weapon's spirit!
The salamander moves out of view.
Casting: Spectral Weapon
Confirm with . or Enter, or press ? or * to list all spells.
Your skin crawls.
You feel sick.
You swap places.
Restored 3 HP.
You have now: 21/175 HP.
What do you say? t - Shout!
Orders for allies: a - Attack new target. r - Retreat! s - Stop attacking. w - Wait here. f - Follow me.
Anything else - Stay silent.
Gang up on whom?
Press: ? - help, Dir - move target cursor, f - salamander
Aim: a salamander, wielding a spear Attack!
Unknown command.
You are too injured to fight recklessly!
You are too injured to fight recklessly!
Unknown command.
Attack whom?
Press: ? - help, Dir - move target cursor, f/p - salamander
Aim: a salamander, wielding a spear You reach to attack!
You hit the salamander. You freeze the salamander.
The salamander is lightly wounded.
You feel sick.
Your spectral weapon hits the salamander!!
Your spectral weapon freezes the salamander!
The salamander hits you from afar with a spear!
* * * LOW HITPOINT WARNING * * *
You are engulfed in flames!
You resist.
* * * LOW HITPOINT WARNING * * *
You lost 20 HP.
You have now: 2/175 HP.
Unknown command.
Drink which item? (? for menu, Esc to quit)
You feel better.
The salamander hits you from afar with a spear!
* * * LOW HITPOINT WARNING * * *
You are engulfed in flames!
You resist.
You die...

Action                   |  1- 3 |  4- 6 |  7- 9 | 10-12 | 13-15 | 16-18 | 19-21 || total
-------------------------+-------+-------+-------+-------+-------+-------+-------++-------
Melee: Trident           |   138 |   164 |   449 |   147 |       |       |       ||   898
       Halberd           |       |       |       |   265 |       |       |       ||   265
       Glaive            |       |       |       |   342 |   946 |   699 |    90 ||  2077
Throw: Throwing net      |       |       |       |       |     3 |     3 |     3 ||     9
 Cast: Blink             |       |       |       |       |     1 |     2 |       ||     3
       Regeneration      |       |       |       |       |       |    18 |     1 ||    19
       Phase Shift       |       |       |       |       |       |    13 |     2 ||    15
       Repel Missiles    |       |       |       |       |       |     6 |       ||     6
       Spectral Weapon   |       |       |       |       |       |     4 |     2 ||     6
Invok: Bend Time         |       |       |       |     7 |     8 |     1 |       ||    16
       Slouch            |       |       |       |    10 |    15 |    24 |     6 ||    55
       Temporal Distorti |       |       |       |     2 |       |     5 |     6 ||    13
 Abil: Spit Poison       |    15 |    16 |    20 |    18 |     5 |    17 |       ||    91
Evoke: Wand              |       |       |       |       |     5 |    20 |       ||    25
       Deck              |       |       |       |       |     4 |     2 |     1 ||     7
       Disc of storms    |       |       |       |       |       |     9 |       ||     9
       Lamp of fire      |       |       |       |       |       |     1 |       ||     1
  Use: Scroll            |     3 |     7 |     4 |    12 |    23 |    12 |       ||    61
       Potion            |       |     6 |     2 |     3 |     4 |     4 |     4 ||    23
 Stab: Held in net/web   |       |       |       |       |     3 |       |       ||     3
       Distracted        |       |       |       |       |       |     1 |       ||     1
  Eat: Chunk             |     2 |     4 |    11 |    17 |     5 |    10 |       ||    49
       Meat ration       |       |     1 |       |       |     2 |       |       ||     3
       Fruit             |       |       |     1 |     1 |     7 |     7 |       ||    16
       Bread ration      |       |       |       |       |     1 |     1 |     2 ||     4
       Beef jerky        |       |       |       |       |     4 |       |       ||     4
       Pizza             |       |       |       |       |       |     5 |       ||     5

Notes
Turn   | Place    | Note
--------------------------------------------------------------
     0 | D:1      | Alipheese the Naga Fighter began the quest for the Orb.
     0 | D:1      | Reached XP level 1. HP: 21/21 MP: 1/1
    77 | D:1      | Reached XP level 2. HP: 25/28 MP: 2/2
   279 | D:1      | Reached skill level 3 in Polearms
   657 | D:2      | Reached XP level 3. HP: 34/34 MP: 3/3
  1121 | D:2      | Reached skill level 4 in Polearms
  1276 | D:2      | Reached XP level 4. HP: 42/42 MP: 4/4
  1710 | D:3      | Reached skill level 5 in Polearms
  1721 | D:3      | Reached XP level 5. HP: 33/49 MP: 5/5
  2529 | D:3      | You fall through a shaft for 2 floors!
  2529 | D:5      | Entered Level 5 of the Dungeon
  2577 | D:5      | Reached skill level 6 in Polearms
  2577 | D:5      | Reached XP level 6. HP: 51/56 MP: 6/6
  2876 | D:5      | Gained mutation: You have very sharp teeth. [potion of mutation]
  2876 | D:5      | Gained mutation: Your spells are a little harder to cast, but a little more powerful. [potion of mutation]
  2876 | D:5      | Lost mutation: Your spells are a little harder to cast, but a little more powerful. [potion of mutation]
  3317 | D:5      | Gained mutation: Your body sometimes deteriorates upon taking damage. [potion of mutation]
  3317 | D:5      | Gained mutation: You are partially covered in yellow scales (AC +2). [potion of mutation]
  3318 | D:5      | Gained mutation: Your spells are a little easier to cast, but a little less powerful. [potion of mutation]
  3318 | D:5      | Gained mutation: You possess an exceptional clarity of mind. [potion of mutation]
  3318 | D:5      | Gained mutation: You have a pair of small horns on your head. [potion of mutation]
  3323 | D:5      | Reached skill level 7 in Polearms
  3334 | D:5      | Reached XP level 7. HP: 56/62 MP: 7/7
  3670 | D:5      | Found a glowing silver altar of Zin.
  4014 | D:5      | Found a stormy altar of Qazlal.
  4143 | D:4      | Reached skill level 8 in Polearms
  4502 | D:4      | Found a shattered altar of Ashenzari.
  5055 | D:4      | Found Zogugh's Armour Emporium.
  5938 | D:6      | Found a shadowy altar of Dithmenos.
  5968 | D:6      | Reached XP level 8. HP: 72/72 MP: 8/8
  5971 | D:6      | Found a radiant altar of Vehumet.
  5986 | D:6      | Reached skill level 4 in Fighting
  6022 | D:6      | Reached skill level 9 in Polearms
  6081 | D:6      | Found a basalt altar of Yredelemnul.
  6141 | D:6      | Found a stormy altar of Qazlal.
  6189 | D:6      | Found a staircase to the Ecumenical Temple.
  6205 | Temple   | Entered the Ecumenical Temple
  6333 | Temple   | Became a worshipper of Cheibriados the Contemplative
  6451 | D:6      | Reached skill level 5 in Fighting
  6725 | D:6      | Reached skill level 10 in Polearms
  6824 | D:6      | Found Zaphumuo's Assorted Antiques.
  6832 | D:6      | Bought an emerald potion for 28 gold pieces
  6832 | D:6      | Bought a green potion for 28 gold pieces
  6832 | D:6      | Bought a scroll labeled ZEESIRPH FIFO for 32 gold pieces
  7067 | D:6      | Found Nuc Zer's Distillery.
  7072 | D:6      | Bought a potion of heal wounds for 70 gold pieces
  7188 | D:6      | Found an opulent altar of Gozag.
  7213 | D:6      | Reached * piety under Cheibriados
  7213 | D:6      | Reached XP level 9. HP: 71/81 MP: 9/9
  7216 | D:6      | Found Ciatanog's Jewellery Boutique.
  7717 | D:7      | Reached skill level 6 in Fighting
  7986 | D:7      | Reached skill level 11 in Polearms
  8155 | D:7      | Reached ** piety under Cheibriados
  8194 | D:7      | Reached skill level 1 in Invocations
  8339 | D:7      | Reached skill level 2 in Invocations
  8548 | D:8      | Reached skill level 3 in Invocations
  8551 | D:8      | Learned a level 1 spell: Apportation
  8554 | D:8      | Learned a level 2 spell: Blink
  8578 | D:8      | Learned a level 2 spell: Shroud of Golubria
  8697 | D:8      | Found Ossir's Antique Armour Shoppe.
  8744 | D:8      | Reached skill level 4 in Invocations
  8765 | D:8      | Found Pametwel's Weapon Boutique.
  8765 | D:8      | Found Biroum's General Store.
  8794 | D:8      | Found Sietunuf's Distillery.
  8799 | D:8      | Bought a potion of might for 60 gold pieces
  8799 | D:8      | Bought a potion of lignification for 45 gold pieces
  8810 | D:8      | Reached XP level 10. HP: 91/91 MP: 13/13
  8813 | D:8      | Noticed Prince Ribbit
  8818 | D:8      | Killed Prince Ribbit
  8818 | D:8      | Reached skill level 5 in Invocations
  8843 | D:8      | Reached skill level 12 in Polearms
  8894 | D:8      | Reached *** piety under Cheibriados
  9052 | D:8      | Found Uppeluleunt's General Store.
  9127 | D:8      | Noticed Erolcha
  9386 | D:9      | Found a shadowy altar of Dithmenos.
  9424 | D:9      | Reached skill level 6 in Invocations
  9524 | D:9      | Reached **** piety under Cheibriados
  9566 | D:9      | Got a heavily jewelled robe
 10089 | D:10     | Entered Level 10 of the Dungeon
 10099 | D:10     | Reached ***** piety under Cheibriados
 10101 | D:10     | Noticed a hill giant
 10107 | D:10     | Killed a hill giant
 10107 | D:10     | Reached skill level 7 in Invocations
 10187 | D:10     | Noticed a hill giant
 10194 | D:10     | Killed a hill giant
 10313 | D:10     | Reached skill level 13 in Polearms
 10411 | D:10     | Noticed a catoblepas
 10422 | D:10     | Killed a catoblepas
 10422 | D:10     | Reached skill level 8 in Invocations
 10422 | D:10     | Reached XP level 11. HP: 50/97 MP: 2/17
 10872 | D:10     | Found a staircase to the Orcish Mines.
 11064 | Orc:1    | Entered Level 1 of the Orcish Mines
 11091 | Orc:1    | Reached skill level 9 in Invocations
 11807 | Orc:2    | Found a flagged portal.
 11827 | Bailey   | Entered a bailey
 11968 | Bailey   | Found an iron altar of Okawaru.
 11968 | Bailey   | Noticed an orc knight
 11985 | Bailey   | Killed an orc knight
 12878 | Orc:3    | Reached skill level 10 in Invocations
 13068 | Orc:3    | Found a bloodstained altar of Trog.
 13069 | Orc:3    | Noticed an orc knight
 13129 | Orc:3    | HP: 1/97 [orc knight/great sword (24)]
 13130 | Orc:3    | Killed an orc knight
 13130 | Orc:3    | Reached skill level 14 in Polearms
 13465 | Orc:3    | Found a staircase to the Elven Halls.
 13946 | Orc:4    | Entered Level 4 of the Orcish Mines
 13946 | Orc:4    | Noticed an orc knight
 13953 | Orc:4    | Killed an orc knight
 14560 | Orc:4    | Reached skill level 11 in Invocations
 14560 | Orc:4    | Reached XP level 12. HP: 105/105 MP: 20/20
 14670 | Orc:4    | Found Esoaw's Book Emporium.
 14726 | Orc:4    | Noticed an orc high priest
 14758 | Orc:4    | Killed an orc high priest
 14758 | Orc:4    | Reached skill level 3 in Armour
 14894 | Orc:4    | Noticed an orc high priest
 14907 | Orc:4    | Killed an orc high priest
 15151 | D:11     | Reached skill level 7 in Fighting
 15331 | D:11     | Reached skill level 4 in Armour
 15409 | D:11     | Noticed Maurice
 15420 | D:11     | Killed Maurice
 15502 | D:11     | Noticed Gastronok
 15522 | D:11     | Killed Gastronok
 15522 | D:11     | Reached skill level 8 in Fighting
 15522 | D:11     | Reached skill level 15 in Polearms
 15524 | D:11     | Noticed Urug
 15537 | D:11     | Killed Urug
 15537 | D:11     | Reached skill level 5 in Armour
 15538 | D:11     | Noticed Josephine
 15546 | D:11     | Killed Josephine
 15765 | D:11     | Reached ****** piety under Cheibriados
 15815 | D:11     | Found a staircase to the Lair.
 16057 | D:11     | Gained mutation: You can use your snake-like lower body to constrict enemies. [Naga growth]
 16057 | D:11     | Reached XP level 13. HP: 118/118 MP: 21/21
 16083 | D:12     | Found Serhigh's Armour Boutique.
 16152 | Lair:1   | Entered Level 1 of the Lair of Beasts
 16546 | Lair:1   | Reached skill level 6 in Armour
 16572 | Lair:1   | Reached skill level 9 in Fighting
 16591 | Lair:1   | Noticed Harold
 16598 | Lair:1   | Killed Harold
 19265 | D:8      | Killed Erolcha
 19429 | D:8      | Reached skill level 7 in Armour
 19449 | D:8      | Bought the -2 hat of the Alchemist {rElec rPois rF+ rC+ rN+ MR+ rMut rCorr} for 1463 gold pieces
 20206 | Lair:4   | Found a frozen archway.
 20219 | IceCv    | Entered an ice cave
 20906 | IceCv    | Reached skill level 10 in Fighting
 20907 | IceCv    | Reached skill level 16 in Polearms
 21121 | IceCv    | Got a jewelled great sword
 21122 | IceCv    | Identified the +12 great sword of Ruination {drain, rPois MR+} (You found it in an ice cave)
 21192 | IceCv    | Reached XP level 14. HP: 129/133 MP: 18/22
 21249 | IceCv    | Noticed a frost giant
 21254 | IceCv    | Reached skill level 8 in Armour
 21265 | IceCv    | Killed a frost giant
 21693 | Lair:4   | Found a staircase to the Snake Pit.
 21749 | Lair:4   | You fall through a shaft!
 21903 | Lair:5   | Reached skill level 11 in Fighting
 21966 | Lair:5   | Got a jewelled shield
 21984 | Lair:5   | Identified the +3 shield of Nept {rN+++ Dex+5 Slay+2} (You found it on level 5 of the Lair of Beasts)
 23009 | Lair:6   | Got a transparent helmet
 23010 | Lair:6   | Identified the cursed -4 helmet "Kiun" {rF+ MR+ Str+4 Int+4} (You found it on level 6 of the Lair of Beasts)
 23026 | Lair:6   | Got a scorched hand axe
 23442 | Lair:6   | Identified the Reference Book on Warped Bewitchment
 23449 | Lair:6   | Learned a level 5 spell: Phase Shift
 23629 | Lair:6   | Reached skill level 9 in Armour
 24343 | Lair:6   | Reached skill level 17 in Polearms
 24574 | Lair:6   | Reached skill level 1 in Translocations
 24580 | Lair:6   | Reached skill level 1 in Spellcasting
 25005 | Lair:7   | Noticed Ponutim the pandemonium lord
 25009 | Lair:7   | Reached skill level 12 in Fighting
 25151 | Lair:7   | Reached skill level 2 in Translocations
 25208 | Lair:7   | Reached skill level 2 in Spellcasting
 25208 | Lair:7   | Reached XP level 15. HP: 49/144 MP: 23/23
 25878 | Lair:7   | Learned a level 2 spell: Repel Missiles
 25966 | Lair:7   | Reached skill level 3 in Translocations
 26003 | Lair:7   | Reached skill level 3 in Spellcasting
 26265 | Lair:8   | Entered Level 8 of the Lair of Beasts
 26465 | Lair:8   | Reached skill level 4 in Translocations
 26520 | Lair:8   | Reached skill level 4 in Spellcasting
 26875 | Lair:8   | Noticed Kirke
 26886 | Lair:8   | Killed Kirke
 26887 | Lair:8   | Reached skill level 5 in Translocations
 26914 | Lair:8   | Reached skill level 5 in Spellcasting
 27515 | Lair:8   | Got a scorched great sword
 27542 | Lair:8   | Found a staircase to the Slime Pits.
 28314 | Lair:4   | Found a staircase to the Shoals.
 28346 | Lair:4   | Noticed Sonja
 28347 | Lair:4   | Killed Sonja
 28426 | Lair:4   | Reached skill level 6 in Translocations
 28578 | Lair:4   | Reached skill level 6 in Spellcasting
 28586 | Lair:4   | Reached XP level 16. HP: 115/152 MP: 25/25
 29392 | Orc:4    | Found Moyhenuy's Antique Armour Shoppe.
 29392 | Orc:4    | Found Toiniste's Antique Armour Shoppe.
 29392 | Orc:4    | Noticed an orc high priest
 29393 | Orc:4    | Noticed an orc high priest
 29395 | Orc:4    | Killed an orc high priest
 29397 | Orc:4    | Killed an orc high priest
 29399 | Orc:4    | Found Xynen's General Store.
 29402 | Orc:4    | Found Azoor's Food Emporium.
 29414 | Orc:4    | Bought a scroll of brand weapon for 240 gold pieces
 29416 | Orc:4    | Bought a pair of embroidered gloves for 139 gold pieces
 29416 | Orc:4    | Bought a pitted large shield for 294 gold pieces
 29416 | Orc:4    | Identified the +1 large shield of the Lily {rCorr Str-5 Dex+3 Stlth+} (You bought it in a shop on level 4 of the Orcish Mines)
 29419 | Orc:4    | Identified the +8 great sword of Law {slice, Int+4 Dex+7 SInv} (You found it on level 8 of the Lair of Beasts)
 29733 | Elf:1    | Entered Level 1 of the Elven Halls
 29746 | Elf:1    | Reached skill level 7 in Spellcasting
 29747 | Elf:1    | Reached skill level 18 in Polearms
 29876 | Elf:1    | Reached skill level 7 in Translocations
 30036 | Elf:1    | Found Wosa's Antique Weapon Emporium.
 30195 | Elf:1    | Reached skill level 10 in Armour
 31162 | Elf:1    | Reached skill level 8 in Translocations
 31335 | Elf:1    | Learned a level 3 spell: Regeneration
 31339 | Elf:1    | Learned a level 3 spell: Spectral Weapon
 31399 | Elf:2    | Reached skill level 1 in Charms
 31399 | Elf:2    | Reached skill level 8 in Spellcasting
 31563 | Elf:2    | Reached skill level 2 in Charms
 32047 | Elf:2    | Found a runed gate.
 32047 | Elf:2    | Found a runed gate.
 32047 | Elf:2    | Found a runed gate.
 32328 | Elf:2    | Noticed a deep elf blademaster
 32337 | Elf:2    | Killed a deep elf blademaster
 32337 | Elf:2    | Reached skill level 3 in Charms
 32420 | Elf:2    | Reached XP level 17. HP: 74/159 MP: 29/29
 32689 | Elf:2    | Reached skill level 9 in Translocations
 32696 | Elf:2    | Reached skill level 4 in Charms
 33255 | Elf:3    | Entered Level 3 of the Elven Halls
 33270 | Elf:3    | Reached skill level 9 in Spellcasting
 33425 | Elf:3    | Reached skill level 1 in Necromancy
 33433 | Elf:3    | Reached skill level 5 in Charms
 33464 | Elf:3    | Reached skill level 2 in Necromancy
 33541 | Elf:3    | Reached skill level 10 in Translocations
 33561 | Elf:3    | Noticed a deep elf master archer
 33594 | Elf:3    | Killed a deep elf master archer
 33594 | Elf:3    | Reached skill level 3 in Necromancy
 33764 | Elf:3    | Got a polished scale mail
 33764 | Elf:3    | Got a fine steel ring
 33830 | Elf:3    | Noticed a deep elf blademaster
 33834 | Elf:3    | Killed a deep elf blademaster
 33834 | Elf:3    | Reached skill level 6 in Charms
 33930 | Elf:3    | Reached skill level 4 in Necromancy
 34098 | Elf:3    | Noticed a deep elf master archer
 34106 | Elf:3    | Killed a deep elf master archer
 34115 | Elf:3    | Reached skill level 19 in Polearms
 34123 | Elf:3    | Noticed a Shadow Fiend
 34218 | Elf:3    | Noticed Donald
 34237 | Elf:3    | Killed Donald
 34237 | Elf:3    | Reached XP level 18. HP: 142/168 MP: 23/31
 34252 | Elf:3    | Noticed a deep elf blademaster
 34260 | Elf:3    | Killed a deep elf blademaster
 34260 | Elf:3    | Reached skill level 7 in Charms
 34269 | Elf:3    | Reached skill level 5 in Necromancy
 34408 | Elf:3    | Noticed a Brimstone Fiend
 35142 | Elf:3    | Reached skill level 6 in Necromancy
 35228 | Elf:3    | Reached skill level 8 in Charms
 35251 | Elf:3    | Identified the Disquisition on Augmentations (You found it on level 3 of the Elven Halls)
 35273 | Elf:3    | Reached skill level 1 in Hexes
 35305 | Elf:3    | Got an encrusted battleaxe {speed}
 35378 | Elf:3    | Got a bone battleaxe {drain}
 35432 | Elf:3    | Identified the ring "Vituhiogg" {rElec rPois Dex+2 Slay+3} (You took it off a deep elf death mage on level 3 of the Elven Halls)
 35442 | Elf:3    | Got a crystal scimitar {freeze}
 36008 | Snake:1  | Entered Level 1 of the Snake Pit
 36014 | Snake:1  | Reached skill level 2 in Hexes
 36121 | Snake:1  | Reached skill level 7 in Necromancy
 36405 | Snake:1  | Noticed Louise
 36415 | Snake:1  | Killed Louise
 36584 | Snake:1  | Reached skill level 3 in Hexes
 36668 | Snake:2  | Noticed Vashnia
 36672 | Snake:2  | Reached skill level 9 in Charms
 36732 | Snake:2  | Killed Vashnia
 36732 | Snake:2  | Reached skill level 4 in Hexes
 37071 | Snake:2  | Reached skill level 8 in Necromancy
 37191 | Snake:2  | Reached XP level 19. HP: 171/175 MP: 32/32
 37828 | Snake:2  | Reached skill level 5 in Hexes
 38179 | Snake:2  | HP: 6/175 [naga warrior/halberd (7)]
 38179 | Snake:2  | HP: 2/175 [naga warrior/halberd (4)]
 38230 | Snake:2  | HP: 2/175 [salamander/spear (7)]
 38231 | Snake:2  | Slain by a salamander

Table legend:
 A = Turns spent in this place as a percentage of turns spent in the entire game.
 B = Non-inter-level travel turns spent in this place as a percentage of non-inter-level travel turns spent in the entire game.
 C = Inter-level travel turns spent in this place as a percentage of turns spent in this place.
 D = Turns resting spent in this place as a percentage of non-inter-level travel turns spent in this place.
 E = Turns spent auto-exploring this place as a percentage of non-inter-level travel turns spent in this place.
 F = Non-inter-level travel turns spent in this place divided by the number of levels of this place that you've seen.
                   A       B       C       D       E      F
               +-------+-------+-------+-------+-------+----------------------
         Total | 100.0 | 100.0 |   0.7 |   4.8 |   8.5 | 353.7
       Dungeon |  32.8 |  32.7 |   0.9 |   3.5 |  10.1 | 308.6
        Temple |   0.2 |   0.2 |   7.7 |   0.0 |  54.2 |  24.0
          Lair |  22.9 |  22.8 |   0.9 |   3.6 |  12.0 | 322.6
     Snake Pit |   7.0 |   7.0 |   0.1 |   6.1 |   8.4 | 398.5
  Orcish Mines |  12.8 |  12.8 |   0.9 |   5.2 |   5.0 | 361.2
   Elven Halls |  19.5 |  19.5 |   0.3 |   7.3 |   5.5 | 737.3
        Bailey |   1.0 |   1.0 |   0.0 |   7.6 |   0.0 | 118.0
      Ice Cave |   3.8 |   3.9 |   0.0 |   6.6 |   0.9 | 437.0
               +-------+-------+-------+-------+-------+----------------------

Table legend:
 A = Kills in this place as a percentage of kills in entire the game.
 B = Kills by you in this place as a percentage of kills by you in the entire game.
 C = Kills by friends in this place as a percentage of kills by friends in the entire game.
 D = Other kills in this place as a percentage of other kills in the entire game.
 E = Experience gained in this place as a percentage of experience gained in the entire game.
 F = Experience gained in this place divided by the number of levels of this place that you have seen.
                   A       B       C       D       E      F
               +-------+-------+-------+-------+-------+----------------------
         Total | 100.0 | 100.0 | 100.0 | 100.0 | 100.0 | 10680.8
       Dungeon |  24.6 |  24.8 |   0.0 |   0.0 |   6.7 | 1910.8
          Lair |  28.8 |  28.6 |  66.7 |  20.0 |  24.8 | 10574.4
     Snake Pit |   7.8 |   7.7 |  33.3 |   0.0 |  18.0 | 30758.0
  Orcish Mines |  15.9 |  16.0 |   0.0 |   0.0 |   4.1 | 3502.2
   Elven Halls |  18.1 |  18.0 |   0.0 |  60.0 |  42.0 | 47809.0
        Bailey |   1.2 |   1.2 |   0.0 |   0.0 |   0.3 | 964.0
      Ice Cave |   3.7 |   3.7 |   0.0 |  20.0 |   4.2 | 14343.0
               +-------+-------+-------+-------+-------+----------------------

Vanquished Creatures
  Vashnia (Snake:2)
  3 deep elf blademasters
  2 deep elf master archers (Elf:3)
  Gastronok (D:11)
  Kirke (Lair:8)
  Donald (Elf:3)
  A greater naga (Snake:2)
  A frost giant (IceCv)
  Louise (Snake:1)
  4 deep elf sorcerers
  7 deep elf demonologists (Elf:3)
  13 deep elf annihilators
  8 deep elf death magi (Elf:3)
  2 deep elf high priests (Elf:3)
  Josephine (D:11)
  A fire dragon (Lair:8)
  Erolcha (D:8)
  6 hydras
  Harold (Lair:1)
  6 naga warriors (Snake:2)
  4 catoblepae
  10 anacondas
  15 dancing weapons (Elf:2)
  7 death yaks
  4 orc high priests (Orc:4)
  Urug (D:11)
  10 naga sharpshooters
  3 shock serpents
  Sonja (Lair:4)
  27 deep elf knights
  4 sea snakes
  An ice devil (Lair:6)
  A fire crab (Lair:8)
  A salamander mystic (Snake:2)
  A wizard (Elf:1)
  2 large abominations (Elf:3)
  8 deep elf summoners
  4 naga ritualists (Snake:2)
  3 hill giants
  A lindwurm (Lair:4)
  5 mana vipers
  A necromancer (Lair:6)
  An ugly thing (D:11)
  22 deep elf conjurers
  An oklob plant (Lair:1)
  4 orc knights
  3 griffons
  3 orc sorcerers
  21 elephants
  4 salamanders (Snake:2)
  A rust devil (Lair:6)
  Maurice (D:11)
  27 black mambas
  An ice statue (IceCv)
  3 torpor snails
  A centaur skeleton (D:11)
  19 spiny frogs
  An eye of devastation (shapeshifter) (Elf:3)
  5 naga magi
  A kobold demonologist (Elf:1)
  4 fire drakes
  26 deep elf priests
  15 komodo dragons
  A queen bee (Lair:2)
  3 trolls
  32 blink frogs
  Prince Ribbit (D:8)
  13 polar bears (IceCv)
  A slime creature (Lair:8)
  2 boulder beetles
  8 wyverns
  44 deep elf magi
  3 wraiths (D:11)
  2 trapdoor spiders
  51 deep elf fighters
  61 yaks
  A fire elemental (Lair:1)
  7 basilisks
  7 hippogriffs
  18 wolves (IceCv)
  6 hogs (Lair:8)
  A human (D:7)
  4 steam dragons
  15 nagas
  A mottled dragon (Lair:8)
  22 water moccasins
  A soldier ant (D:8)
  17 porcupines
  7 wargs
  3 swamp drakes (Lair:8)
  4 black bears
  A phantom (D:10)
  11 ogres
  11 centaurs
  3 sky beasts
  3 ice beasts
  28 orc warriors
  2 wasps (D:11)
  A boggart (Elf:1)
  20 crocodiles
  17 giant frogs
  2 big kobolds
  A gnoll sergeant (D:11)
  9 scorpions
  23 killer bees
  4 jellies
  7 wights
  3 centaur zombies
  9 electric eels
  A giant frog zombie (D:12)
  7 hounds
  7 crimson imps
  34 orc priests
  2 giant frog skeletons
  8 worker ants
  11 iguanas
  38 orc wizards
  A crocodile zombie (Lair:6)
  A killer bee zombie (D:6)
  20 sheep
  2 hound skeletons
  A worker ant zombie (D:11)
  64 river rats
  8 adders
  10 gnolls
  4 shadow imps
  An ooze (D:3)
  An adder zombie (D:5)
  A worm (D:3)
  2 adder skeletons
  2 giant geckos
  155 orcs
  12 goblins
  16 hobgoblins
  5 jackals
  31 kobolds
  7 quokkas
  2 ball pythons (Snake:2)
  20 bats
  6 giant cockroaches
  6 giant newts
  A jackal skeleton (D:8)
  A quokka skeleton (D:6)
  11 rats
  A bush (Lair:1)
  2 crawling corpses (Elf:1)
  A plant (Lair:4)
1334 creatures vanquished.

Vanquished Creatures (collateral kills)
  A naga sharpshooter (Snake:2)
  A black mamba (Snake:2)
  A hippogriff (Lair:8)
  A water moccasin (Lair:6)
  2 sheep (Lair:7)
6 creatures vanquished.

Vanquished Creatures (others)
  A deep elf high priest (Elf:3)
  2 deep elf knights (Elf:1)
  A polar bear (IceCv)
  A blink frog (Lair:8)
  2 yaks (IceCv)
  A deep elf mage (D:10)
  A mottled dragon (Lair:8)
  A wolf (IceCv)
  An iguana (D:10)
  An ooze (D:5)
  37 bushes
  101 fungi
  63 plants
  2 spectral weapons
215 creatures vanquished.

Grand Total: 1555 creatures vanquished
